 Dungeon Crawl Stone Soup version 0.28.0-45-g0d030f2227 (webtiles) character file.

Game seed: 15593779758383172415

81 101zpm the Vexing (level 4, 0/34 HPs)
             Began as a Gnoll Arcane Marksman on Apr 20, 2022.
             Slain by a gnoll
             ... wielding a +0 flail
              (6 damage)
             ... on level 5 of the Dungeon.
             The game lasted 00:05:58 (3287 turns).

101zpm the Vexing (Gnoll Arcane Marksman)           Turns: 3287, Time: 00:05:58

Health: 0/34       AC:  9    Str:  9    XL:     4   Next: 40%
Magic:  8/8        EV:  4    Int: 15    God:
Gold:   120        SH:  0    Dex: 12    Spells: 6/9 levels left

rFire   . . .      SeeInvis .   h - +0 spear
rCold   . . .      Faith    .   (no shield)
rNeg    . . .      Spirit   .   l - +0 chain mail
rPois   .          Reflect  .   (no helmet)
rElec   .          Harm     .   (no cloak)
rCorr   .          Rampage  .   (no gloves)
Will    .....                   j - +0 pair of boots
Stlth   ..........              (no amulet)
HPRegen 0.11/turn               (no ring)
MPRegen 0.11/turn               (no ring)

@: no status effects
A: fangs 1, strong nose, distributed training
a: no special abilities


You were on level 5 of the Dungeon.
You visited 1 branch of the dungeon, and saw 5 of its levels.

You collected 120 gold pieces.

Inventory:

Hand Weapons
 a - a +0 shortbow
 h - a +0 spear (weapon)
Missiles
 c - 51 arrows
 e - 5 boomerangs of dispersal (quivered)
Armour
 d - a +0 robe
 j - a +0 pair of boots (worn)
 l - a +0 chain mail (worn)
Scrolls
 b - a scroll of noise {unknown}
 f - 2 scrolls of identify {unknown}
 i - 3 scrolls of teleportation {unknown}
 k - a scroll of amnesia {unknown}
 m - a scroll of magic mapping {unknown}
 o - a scroll of enchant armour {unknown}
Potions
 g - a potion of attraction {unknown}
 n - 2 potions of mutation {unknown}
 p - a potion of degeneration {unknown}


   Skills:
 + Level 2.7 Fighting
 + Level 1.1 Short Blades
 + Level 1.1 Long Blades
 + Level 1.1 Axes
 + Level 1.1 Maces & Flails
 + Level 1.1 Polearms
 + Level 1.1 Staves
 + Level 1.1 Slings
 + Level 4.6 Bows
 + Level 1.1 Crossbows
 + Level 1.1 Throwing
 + Level 1.1 Armour
 + Level 4.6 Dodging
 + Level 1.1 Stealth
 + Level 1.1 Shields
 + Level 1.1 Unarmed Combat
 + Level 3.0 Spellcasting
 + Level 0.9 Conjurations
 + Level 5.4 Hexes
 + Level 0.9 Summonings
 + Level 0.9 Necromancy
 + Level 0.9 Translocations
 + Level 0.9 Transmutations
 + Level 0.9 Fire Magic
 + Level 0.9 Ice Magic
 + Level 0.9 Air Magic
 + Level 0.9 Earth Magic
 + Level 0.9 Poison Magic
 + Level 1.2 Invocations
 + Level 1.1 Evocations


You had 6 spell levels left.
You knew the following spells:

 Your Spells              Type           Power      Damage    Failure   Level
a - Slow                  Hex            72%        N/A       94%         1
b - Poisonous Vapours     Pois/Air       10%        N/A       100%        2

Your spell library contained the following spells:

 Spells                   Type           Power      Damage    Failure   Level
 Corpse Rot               Necr/Air       10%        N/A       100%        2
 Inner Flame              Hex/Fire       11%        N/A       100%        3
 Portal Projectile        Hex/Tloc       22%        N/A       100%        3
 Cause Fear               Hex            9%         N/A       100%        4


Dungeon Overview and Level Annotations

Branches:
Dungeon (5/15)
 Temple: D:4-7

Altars:


Innate Abilities, Weirdness & Mutations

You have very sharp teeth.
Your uncanny sense of smell can sniff out nearby items.
Your experience applies equally to all skills.


Message History

The gnoll hits you with a +0 flail.
You barely miss the gnoll.
The gnoll is moderately wounded.
The gnoll hits you with a +0 flail!
You hit the gnoll but do no damage.
The gnoll is moderately wounded.
The gnoll hits you with a +0 flail.
You are too injured to fight recklessly!
You are too injured to fight recklessly!
You are too injured to fight recklessly!
You are too injured to fight recklessly!
You are too injured to fight recklessly!
You are too injured to fight recklessly!
There is a stone staircase leading down here.
The gnoll hits you with a +0 flail.
You climb downwards.
The endoplasm quivers.
Found a scroll labelled YTZEBR ITAMOI.
Found a stone staircase leading down.
There is a stone staircase leading up here.
There is a stone staircase leading down here.
The gnoll barely misses you.
You climb downwards.
There is a stone staircase leading up here.
You hit the gnoll.
The gnoll is heavily wounded.
The gnoll hits you with a +0 flail.
You hit the gnoll.
The gnoll is severely wounded.
The gnoll hits you but does no damage. The gnoll hits you with a +0 flail!
* * * LOW HITPOINT WARNING * * *
You hit the gnoll. You bite the gnoll, but do no damage.
The gnoll is severely wounded.
The gnoll hits you but does no damage.
You hit the gnoll.
The gnoll is severely wounded.
The gnoll barely misses you.
You hit the gnoll but do no damage.
The gnoll is severely wounded.
The gnoll hits you with a +0 flail.
You die...

#.# #.#∆# #.#.#
#.#.# ##.#.####
.......
##.####...####.
......g@.......
.#.#####..#....
.....∆. #.#..#
.. .# ... ..
##. . ..


You could see a gnoll.

Vanquished Creatures
  2 adders (D:2)
  2 worms (D:2)
  5 ball pythons
  7 endoplasms
  2 giant cockroaches (D:1)
  6 goblins
  4 hobgoblins
  2 jackals (D:2)
  3 quokkas
  8 bats
  A frilled lizard (D:1)
  4 kobolds
  5 rats
51 creatures vanquished.

Notes
Turn   | Place    | Note
-------+----------+-------------------------------------------
     0 | D:1      | 101zpm the Gnoll Arcane Marksman began the quest for the
                  | Orb.
     0 | D:1      | Reached XP level 1. HP: 17/17 MP: 4/4
   184 | D:1      | Found a faded altar of an unknown god.
   192 | D:1      | Reached XP level 2. HP: 23/23 MP: 5/5
  1027 | D:1      | Reached XP level 3. HP: 28/28 MP: 7/7
  1287 | D:1      | Learned a level 2 spell: Poisonous Vapours
  1787 | D:2      | Reached skill level 1 in Invocations
  2001 | D:2      | Reached skill level 1 in Short Blades
  2001 | D:2      | Reached skill level 1 in Long Blades
  2001 | D:2      | Reached skill level 1 in Axes
  2001 | D:2      | Reached skill level 1 in Maces & Flails
  2001 | D:2      | Reached skill level 1 in Polearms
  2001 | D:2      | Reached skill level 1 in Staves
  2001 | D:2      | Reached skill level 1 in Slings
  2001 | D:2      | Reached skill level 1 in Crossbows
  2001 | D:2      | Reached skill level 1 in Throwing
  2001 | D:2      | Reached skill level 1 in Armour
  2001 | D:2      | Reached skill level 1 in Stealth
  2001 | D:2      | Reached skill level 1 in Shields
  2001 | D:2      | Reached skill level 1 in Unarmed Combat
  2001 | D:2      | Reached skill level 1 in Evocations
  2203 | D:3      | Reached XP level 4. HP: 19/34 MP: 8/8
  2340 | D:4      | Noticed an ogre
  3282 | D:5      | Entered Level 5 of the Dungeon
  3287 | D:5      | Slain by a gnoll

Illustrated notes

Levels and vault maps discovered:
D:1:      scummos_arrival_simple_fountains, layout_loops_ring,
          chequers_ecumenical_altar_twisty, minmay_small_reverse_x
D:2:      layout_basic
D:3:      layout_loops_ring, makhleb_altar_promises_db, uniq_sigmund,
          uniq_grinder
D:4:      layout_cave_pools, dk_noncrumbling_2
D:5:      layout_basic, minmay_stone_trees_medium, corexii_hall_statues_i

Skill      XL: |  1  2  3  4 |
---------------+-------------+-----
Invocations    | 1 |  1.2
Short Blades   | 1 |  1.1
Long Blades    | 1 |  1.1
Axes           | 1 |  1.1
Maces & Flails | 1 |  1.1
Polearms       | 1 |  1.1
Staves         | 1 |  1.1
Slings         | 1 |  1.1
Crossbows      | 1 |  1.1
Throwing       | 1 |  1.1
Armour         | 1 |  1.1
Stealth        | 1 |  1.1
Shields        | 1 |  1.1
Unarmed Combat | 1 |  1.1
Evocations     | 1 |  1.1
Spellcasting   | 3 |  3.0
Fighting       | |  2.7
Bows           | |  4.6
Dodging        | |  4.6
Conjurations   | |  0.9
Hexes          | |  5.4
Summonings     | |  0.9
Necromancy     | |  0.9
Translocations | |  0.9
Transmutations | |  0.9
Fire Magic     | |  0.9
Ice Magic      | |  0.9
Air Magic      | |  0.9
Earth Magic    | |  0.9
Poison Magic   | |  0.9

Action                   |  1- 3 |  4- 6 || total
-------------------------+-------+-------++-------
Melee: Spear             |   156 |    84 ||   240
       Bite              |    15 |     4 ||    19
 Fire: Shortbow          |    48 |       ||    48
Throw: Boomerang         |     1 |       ||     1
 Stab: Sleeping          |     3 |       ||     3
Armor: Robe              |    16 |       ||    16
       Chain mail        |    70 |    41 ||   111
Dodge: Dodged            |    84 |    15 ||    99
